 Dungeon Crawl Stone Soup version 0.28.0-43-g3370ac3207 (webtiles) character file.

Game seed: 5888012887127345190

9 nickcage the Firebug (level 2, -1/26 HPs)
             Began as a Draconian Cinder Acolyte on Mar 8, 2022.
             Was a High Priest of Ignis.
             Slain by a quokka (3 damage)
             ... on level 1 of the Dungeon.
             The game lasted 00:00:49 (115 turns).

nickcage the Firebug (Draconian Cinder Acolyte)      Turns: 115, Time: 00:00:50

Health: -1/26      AC:  4    Str: 16    XL:     2   Next: 6%
Magic:  3/3        EV: 11    Int: 14    God:    Ignis [*****.]
Gold:   6          SH:  0    Dex:  6    Spells: 3/3 levels left

rFire   + . .      SeeInvis .   a - -1 mace (flame)
rCold   . . .      Faith    .   (no shield)
rNeg    . . .      Spirit   .   (armour unavailable)
rPois   .          Reflect  .   (helmet restricted)
rElec   .          Harm     .   (no cloak)
rCorr   .          Rampage  .   (no gloves)
Will    .....                   (no boots)
Stlth   +.........              (no amulet)
HPRegen 0.08/turn               (no ring)
MPRegen 0.08/turn               (no ring)

@: no status effects
A: AC +4, unfitting armour, cold-blooded
a: Renounce Religion, Fiery Armour, Foxfire Swarm, Rising Flame


You were on level 1 of the Dungeon.
You worshipped Ignis.
Ignis was extremely pleased with you.
You visited 1 branch of the dungeon, and saw 1 of its levels.

You collected 6 gold pieces.

Inventory:

Hand Weapons
 a - a -1 mace of flaming (weapon)
Scrolls
 b - a scroll of noise {unknown}


   Skills:
 - Level 3.2 Fighting
 + Level 3.1 Maces & Flails
 + Level 1.3 Spellcasting
 + Level 3.3 Fire Magic


You had 3 spell levels left.
You didn't know any spells.
Your spell library contained the following spells:

 Spells                   Type           Power      Damage    Failure   Level
 Scorch                   Fire           20%        2d6       10%         2


Dungeon Overview and Level Annotations

Branches:
Dungeon (1/15)

Altars:


Innate Abilities, Weirdness & Mutations

Your plain brown scales are hard. (AC +4)
You cannot fit into any form of body armour.
You are cold-blooded and may be slowed by cold attacks.


Message History

The ball python constricts you. The hobgoblin hits you.
You hit the ball python. You burn the ball python.
You kill the ball python!
The hobgoblin hits you but does no damage.
You hit the dart slug. You burn the dart slug. You tail-slap the dart slug.
The dart slug is severely wounded.
The hobgoblin barely misses you. The dart slug barely misses you.
The hobgoblin hits you.
You are too injured to fight recklessly!
You are too injured to fight recklessly!
You hit the dart slug. You burn the dart slug.
You kill the dart slug!
A quokka comes into view.
The hobgoblin hits you.
* * * LOW HITPOINT WARNING * * *
You have reached level 2!
You barely miss the hobgoblin.
The hobgoblin hits you but does no damage.
You closely miss the hobgoblin.
The hobgoblin hits you but does no damage.
You barely miss the hobgoblin. The hobgoblin hits you.
* * * LOW HITPOINT WARNING * * *
The quokka closely misses you.
You sock the hobgoblin! You burn the hobgoblin.
You kill the hobgoblin!
The quokka misses you. x2
You hit the quokka. You burn the quokka.
The quokka is almost dead.
The quokka misses you.
You hit the quokka but do no damage.
The quokka is almost dead.
The quokka completely misses you. The quokka barely misses you.
You barely miss the quokka.
The quokka is almost dead.
The quokka completely misses you.
You don't know any spells.
You closely miss the quokka.
The quokka is almost dead.
The quokka barely misses you. The quokka bites you.
You die...

#.##......# #.....>...#
######......#
#...........# # ##
#...........# .###.
#.............##(#[## #
#...........#.#.....#.#
#...............†r....#
...............#@..#
################)### #
#.............# #
#.#############
####.###### ..........#
.###.####.# .# #.# .#
#.#


You could see a quokka.

Vanquished Creatures
  A dart slug (D:1)
  A giant cockroach (D:1)
  A hobgoblin (D:1)
  A jackal (D:1)
  A quokka (D:1)
  A ball python (D:1)
  A rat (D:1)
7 creatures vanquished.

Notes
Turn   | Place    | Note
-------+----------+-------------------------------------------
     0 | D:1      | nickcage the Draconian Cinder Acolyte began the quest for
                  | the Orb.
     0 | D:1      | Reached XP level 1. HP: 19/19 MP: 2/2
   108 | D:1      | Reached XP level 2. HP: 5/26 MP: 3/3
   115 | D:1      | Slain by a quokka

Illustrated notes

Levels and vault maps discovered:
D:1:      roderic_dead_forest, layout_basic, ebering_ecumenical_altar_rust,
          minmay_tall_x

Action                   || total
-------------------------++-------
Melee: Mace              ||    24
       Tailslap          ||     3
       Punch             ||     1
Armor: Skin              ||     8
Dodge: Dodged            ||    18
